Map: Eastwatch LE

Players

Pain

  • Race: Terran Terran
  • Spawn Location: 7:00

A.I. 1 (Medium) - Winner!

  • Race: Terran Terran
  • Spawn Location: 1:00

VOD

Have the link to the VOD?

Description

Time

  • Played on: March 5, 2018, 3:08 p.m.
  • Length: 11:34
Show
View Real Time Build Order
Export as new Build Order

Pain Terran 

Build Orders: MMM Bio 

Get SALT Encoding   

  12  0:27  SCV  
  13  0:36  Supply Depot  
  13  0:39  SCV  
  14  0:46  Refinery  
  14  0:51  SCV  
  15  1:07  Barracks  
  15  1:10  SCV  
  16  1:22  SCV  
  16  1:23  Barracks  
  16  2:17  SCV  
  16  2:18  Supply Depot  
  17  2:29  Bunker, SCV  
  18  2:33  Barracks Tech Lab  
  18  2:36  Barracks Reactor  
  18  2:48  SCV  
  19  3:00  SCV  
  20  3:11  Refinery  
  20  3:19  Engineering Bay  
  20  3:29  Bunker  
  20  3:33  Factory  
  20  3:37  Marine  
  20  3:38  Marine  
  22  3:49  Stimpack  
  22  3:53  SCV  
  23  3:55  Marine x2  
  25  4:05  SCV  
  26  4:13  Marine x2  
  28  4:19  Missile Turret  
  28  4:27  Missile Turret  
  28  4:31  Supply Depot, Marine x2  
  30  4:44  Factory Tech Lab  
  30  4:51  Terran Infantry Weapons Level 1  
  30  4:55  Marine x2  
  32  5:07  SCV  
  33  5:13  Marine x2  
  35  5:19  SCV  
  36  5:23  Hellion  
  38  5:31  Marine  
  39  5:43  Supply Depot  
  39  6:05  Marine x2, Hellion  
  43  6:22  Marine  
  44  6:27  Hellion  
  46  6:45  Terran Infantry Armor Level 1  
  46  6:51  Command Center  
  46  7:06  Supply Depot  
  46  7:09  SCV  
  47  7:28  Hellion  
  47  7:29  Orbital Command  
  49  7:50  Hellion  
  51  8:07  Supply Depot  
  51  8:09  SCV  
  51  8:11  Hellion  
  54  8:21  SCV  
  54  8:26  Marine x2  
  54  8:27  Marine  
  57  8:32  Hellion  
  57  8:33  SCV  
  61  8:35  Supply Depot  
  61  8:44  Marine x3  
  61  8:45  SCV  
  65  8:54  Hellion  
  67  8:58  SCV  
  67  9:02  Marine x3  
  71  9:27  Siege Tank  
  74  9:52  Combat Shields  
  74  9:59  Siege Tank  
  47  10:31  Siege Tank  
  50  10:37  Refinery  
  50  10:40  Refinery  
  50  10:48  Missile Turret  
Show
View Real Time Build Order
Export as new Build Order

A.I. 1 (Medium) Terran - Winner!

Build Orders:  

Get SALT Encoding   

  12  0:00  SCV  
  13  0:13  SCV  
  14  0:18  Supply Depot  
  14  0:25  SCV  
  15  0:40  SCV  
  16  0:43  Barracks  
  16  0:50  Refinery  
  16  0:52  SCV  
  17  1:04  SCV  
  18  1:18  Supply Depot  
  18  1:30  Marine  
  19  1:35  Barracks, Orbital Command  
  19  1:42  Refinery  
  19  1:48  Barracks Tech Lab  
  19  2:06  Marine  
  20  2:13  Supply Depot  
  20  2:24  Marine  
  20  2:27  Marine  
  22  2:32  SCV  
  23  2:42  Marine  
  24  2:44  SCV  
  24  2:45  Engineering Bay, Marine  
  26  2:56  SCV  
  27  3:00  Marauder  
  27  3:03  Supply Depot, Marine  
  30  3:08  SCV  
  31  3:20  SCV  
  31  3:21  Marine  
  33  3:33  SCV  
  34  3:39  Marauder  
  36  5:11  Barracks Tech Lab  
  36  5:12  SCV  
  37  5:14  Factory  
  37  5:17  Factory  
  37  5:18  Missile Turret  
  37  5:20  Missile Turret  
  37  5:23  Barracks  
  37  5:25  Supply Depot  
  37  5:30  Sensor Tower  
  37  5:39  Bunker  
  37  5:48  Supply Depot  
  37  5:58  Widow Mine  
  37  5:59  Armory  
  37  6:00  Factory Tech Lab  
  37  6:03  Starport  
  37  6:04  Command Center  
  38  6:10  Barracks Reactor, Marine  
  28  6:20  Factory Tech Lab  
  28  6:22  Marine  
  29  6:34  Marine  
  30  6:40  Starport Tech Lab  
  30  6:47  Marine  
  31  6:58  Raven  
  31  6:59  Marine  
  34  7:11  Marine  
  35  7:16  SCV  
  35  7:19  SCV  
  37  7:23  Refinery  
  37  7:24  Marauder  
  37  7:28  Missile Turret, SCV  
  40  7:30  Missile Turret  
  40  7:31  Refinery, SCV  
  40  7:36  Marauder  
  43  7:40  SCV  
  43  7:41  Raven  
  43  7:43  SCV  
  47  7:48  Siege Tank  
  47  7:51  Bunker  
  50  7:52  SCV  
  50  7:55  SCV  
  52  8:00  Siege Tank  
  52  8:05  SCV  
  56  8:07  SCV  
  57  8:17  SCV  
  57  8:19  SCV  
  59  8:20  Widow Mine  
  61  8:29  SCV  
  61  8:32  SCV  
  63  8:41  SCV  
  64  8:44  SCV  
  65  8:53  SCV  
  66  8:56  SCV  
  67  9:05  SCV  
  67  9:08  SCV  
  69  9:14  Supply Depot  
  69  9:17  SCV  
  70  9:47  Combat Shields, Medivac, Reaper  
  70  9:50  Starport  
  70  9:51  Marine  
  70  9:52  Supply Depot  
  74  9:53  Ghost Academy  
  74  9:56  Fusion Core  
  74  9:57  Marine  
  74  9:59  Engineering Bay  
  72  10:01  Armory  
  72  10:02  Marine  
  70  10:09  Marine  
  67  10:15  Reaper  
  67  10:16  Supply Depot  
  67  10:17  Medivac  
  67  10:19  Marine  
  71  10:22  Marine  
  71  10:27  Starport Reactor, Marine  
  73  10:36  Marine  
  73  10:40  Marine  
  75  10:45  Marine  
  75  10:47  Raven  
  78  10:55  Marauder  
  80  10:58  Command Center  
  80  11:04  Marauder  
Tags
 
Composition
MMM Bio
Matchup
TvT
Race
Terran
Replay Pack
RP
Spawn Locations
Cross Positions
Add a new tag
Caveats
  • Supply blocks, unpowered buildings, or Contaminate may cause inaccurate times.
  • Supply counts are checked every 10 seconds.